 Dungeon Crawl Stone Soup version 0.20.1-1-g8b1a95d (webtiles) character file.

6054 Meenos the Grappler (level 10, -2/98 HPs)
             Began as a Troll Berserker on Nov 6, 2017.
             Was a High Priest of Trog.
             Slain by an orc warrior
             ... wielding a +0 battleaxe
              (13 damage)
             ... on level 2 of the Orcish Mines on Nov 7, 2017.
             The game lasted 02:32:24 (8597 turns).

Meenos the Grappler (Troll Berserker)               Turns: 8597, Time: 02:32:25

Health: -2/98      AC:  8    Str: 30    XL:     10   Next: 57%
Magic:  9/9        EV: 10    Int:  3    God:    Trog [*****.]
Gold:   363        SH:  0    Dex: 12    Spells: 9/9 levels left

rFire    + + .     SeeInvis +   E - +8 long sword of Piomy {freeze, rF++ rN++}
rCold    . . .     Gourm    +   (no shield)
rNeg     + + .     Faith    .   y - +1 robe of Complete Protection {rElec rPois Dex+3 SInv}
rPois    +         Spirit   .   (helmet restricted)
rElec    +         Reflect  .   I - scarf {repulsion}
rCorr    .         Harm     .   (gloves unavailable)
MR       .....                  (boots unavailable)
Stlth    +.........             (no amulet)
Regen    0.7/turn               G - +2 ring of protection
MPRegen  0.2/turn               (no ring)

@: confused, about to teleport, berserk cooldown, hasted and slowed, repel
missiles
A: unfitting armour, claws 3, large bone plates 1, see invisible, fast
metabolism 3, gourmand, poison resistance, regeneration 1, shaggy fur 1, tough
skin 2
a: Berserk, Trog's Hand, Brothers in Arms, Burn Spellbooks, Renounce Religion


You were on level 2 of the Orcish Mines.
You worshipped Trog.
Trog was extremely pleased with you.
You were very full.

You visited 2 branches of the dungeon, and saw 11 of its levels.

You collected 973 gold pieces.
You spent 610 gold pieces at shops.

Inventory:

Hand Weapons
 v - a +0 giant spiked club
 C - the +4 spear "Killer Klown's Peril" {venom, rPois Int+3}
   (You found it on level 6 of the Dungeon)

   It poisons the flesh of those it strikes.
   It affects your intelligence (+3).
   It protects you from poison.
 D - a +1 spear of venom
 E - the +8 long sword of Piomy (weapon) {freeze, rF++ rN++}
   (You found it on level 6 of the Dungeon)

   It has been specially enchanted to freeze those struck by it, causing extra
   injury to most foes and up to half again as much damage against particularly
   susceptible opponents.
   It can also slow down cold-blooded creatures.
   It greatly protects you from fire.
   It greatly protects you from negative energy.
Missiles
 d - a throwing net
 g - 2 javelins
 i - 2 large rocks
 j - 283 stones (quivered)
Armour
 y - the +1 robe of Complete Protection (worn) {rElec rPois Dex+3 SInv}
   (You found it on level 4 of the Dungeon)

   It affects your dexterity (+3).
   It insulates you from electricity.
   It protects you from poison.
   It lets you see invisible.
 I - a scarf of repulsion (worn)
Jewellery
 f - an uncursed ring of see invisible
 G - a +2 ring of protection (left claw)
Wands
 F - a wand of acid (14/15)
Scrolls
 c - 5 scrolls of amnesia
 l - 7 scrolls of remove curse
 m - a scroll of silence
 n - a scroll of blinking
 s - 3 scrolls of teleportation
 t - 2 scrolls of enchant armour
 u - a scroll of identify
 x - a scroll of recharging
 z - 2 scrolls of magic mapping
 H - a scroll of holy word
Potions
 e - 8 potions of curing
 h - a potion of invisibility
 k - a potion of flight
 o - a potion of lignification
 w - a potion of brilliance
 A - a potion of resistance
 L - a potion of mutation
Comestibles
 a - 5 meat rations
 b - 5 bread rations
 B - 2 royal jellies
 J - 2 fruits
 K - 6 chunks of flesh


   Skills:
 + Level 5.7 Fighting
 * Level 7.3 Long Blades
 - Level 2.4 Dodging
 - Level 12.0 Unarmed Combat


You had 9 spell levels left.
You didn't know any spells.

Dungeon Overview and Level Annotations

Branches:
Dungeon (9/15)             Temple (0/1) D:4             Orc (2/2) D:9
    Elf (0/3) Orc:2
   Lair: D:8-11

Altars:
Cheibriados
Hepliaklqana
Kikubaaqudgha
Qazlal
Sif Muna
Trog
Yredelemnul

Shops:
D:5 ?   Orc:2 ?*!


Innate Abilities, Weirdness & Mutations

You are too large for most types of armour.
You have claws for hands.
Your metabolism is lightning-fast.
You like to eat raw meat.
Your natural rate of healing is unusually fast.
You are covered in fur. (AC +1)
You have very tough skin. (AC +2)
You are partially covered in large bone plates. (SH +4)
You have supernaturally acute eyesight. (SInv)
Your system is resistant to poisons. (rPois)


Message History

You feel much better.
The orc shoots a bolt.
You block the bolt.
The orc knight shoots a bolt.
The bolt hits you.
The orc warrior shoots a bolt.
The bolt hits you!
You hear a shout!
Things that are here:
an arrow; 3 bolts You slice the orc!!
You freeze the orc.
You kill the orc!
Trog accepts your kill.
The orc warrior no longer looks unusually strong. x2
The orc warrior hits you with a battleaxe!!
* * * LOW HITPOINT WARNING * * *
As you read the scroll of teleportation, it crumbles to dust.
You feel strangely unstable.
The orc warrior hits you with a battleaxe!!
* * * LOW HITPOINT WARNING * * *
You are confused.
You feel invigorated.
The orc warrior hits you with a battleaxe!
You die...

#............).#........
#...#...................
##......................
##..................#....
##.....#..................
#.....#...................
##....###.#..(.............
#.....####(................
##.#.##ooo@................
#####)oo(oo...............
#.oo##)o##..##
#.o##)).......
#(.#(.).......
#.)(........≈≈
#..#......≈≈≈≈
#..#.....≈≈≈≈#
#............o


You could see an orc knight and 10 orc warriors.

Vanquished Creatures
  The ghost of nago the Skirmisher, a novice HaWn of Kikubaaqudgha (D:3)
  The ghost of Minstaer the Geomancer, a novice GrEE of Hepliaklqana (D:5)
  2 sky beasts (D:5)
  11 orc warriors
  3 ice beasts
  A black bear (D:7)
  6 ogres
  A phantom (D:5)
  8 centaurs
  A big kobold (D:8)
  7 bullfrogs
  A wyvern skeleton (D:8)
  4 scorpions
  A water moccasin skeleton (D:8)
  7 howler monkeys
  3 bullfrog zombies
  3 crimson imps
  2 hounds
  2 quasits
  6 orc priests
  A jelly (D:9)
  12 orc wizards
  A bullfrog skeleton (D:6)
  A gnoll shaman (Orc:2)
  Jessica (D:2)
  An iguana (D:3)
  Natasha (thrice) (D:3)
  6 worker ants
  A killer bee zombie (D:8)
  Robin (D:3)
  3 worker ant zombies
  9 gnolls
  6 adders
  3 oozes
  4 adder skeletons
  An adder zombie (D:5)
  A worm (D:4)
  3 dart slugs
  A leopard gecko (D:4)
  32 orcs
  2 ball pythons
  6 giant cockroaches
  20 goblins
  12 hobgoblins
  13 jackals
  17 kobolds
  6 quokkas
  10 bats
  7 frilled lizards
  2 jackal skeletons
  A leopard gecko skeleton (D:5)
  2 quokka skeletons
  A quokka zombie (D:5)
  5 rats
  2 fungi (D:1)
  A withered plant (D:5)
269 creatures vanquished.

Vanquished Creatures (collateral kills)
  2 orc warriors (Orc:2)
  A centaur (Orc:2)
  2 gnolls (Orc:2)
  3 orcs (Orc:2)
8 creatures vanquished.

Grand Total: 277 creatures vanquished

Notes
Turn   | Place    | Note
-------+----------+-------------------------------------------
     0 | D:1      | Meenos the Troll Berserker began the quest for the Orb.
     0 | D:1      | Reached XP level 1. HP: 22/22 MP: 0/0
   238 | D:1      | Reached XP level 2. HP: 26/29 MP: 1/1
   329 | D:1      | Reached skill level 4 in Unarmed Combat
   403 | D:1      | Reached XP level 3. HP: 35/36 MP: 2/2
   712 | D:1      | Reached ** piety under Trog
  1170 | D:2      | Reached XP level 4. HP: 43/44 MP: 3/3
  1184 | D:2      | Reached skill level 5 in Unarmed Combat
  1354 | D:2      | Noticed Jessica
  1357 | D:2      | Killed Jessica
  1395 | D:2      | Reached *** piety under Trog
  1753 | D:2      | Reached XP level 5. HP: 49/50 MP: 4/4
  1805 | D:3      | Reached skill level 6 in Unarmed Combat
  1934 | D:3      | Found a snail-covered altar of Cheibriados.
  1964 | D:3      | Noticed nago's ghost (novice HaWn)
  1974 | D:3      | Killed nago's ghost
  1974 | D:3      | Reached skill level 7 in Unarmed Combat
  1974 | D:3      | Reached XP level 6. HP: 59/59 MP: 5/5
  1975 | D:3      | Noticed Robin
  1978 | D:3      | Noticed Natasha
  1988 | D:3      | Killed Robin
  1994 | D:3      | Killed Natasha
  1994 | D:3      | Reached skill level 8 in Unarmed Combat
  1994 | D:3      | Reached XP level 7. HP: 55/66 MP: 6/6
  2001 | D:3      | Noticed Natasha
  2010 | D:3      | Killed Natasha
  2020 | D:3      | Noticed Natasha
  2026 | D:3      | Killed Natasha
  2308 | D:3      | Found a stormy altar of Qazlal.
  2687 | D:4      | Reached **** piety under Trog
  2723 | D:4      | Found an ancient bone altar of Kikubaaqudgha.
  2863 | D:4      | Found a staircase to the Ecumenical Temple.
  3073 | D:4      | Got an ancient robe
  3084 | D:4      | Identified the +1 robe of Complete Protection {rElec rPois Dex+3 SInv} (You found it on level 4 of the Dungeon)
  3401 | D:5      | Entered Level 5 of the Dungeon
  3430 | D:5      | Reached skill level 9 in Unarmed Combat
  3482 | D:5      | Reached XP level 8. HP: 55/75 MP: 7/7
  3512 | D:5      | Found a basalt altar of Yredelemnul.
  3521 | D:5      | Reached skill level 10 in Unarmed Combat
  3655 | D:5      | Found Zyagh's Magic Scroll Boutique.
  3710 | D:5      | Bought a scroll of identify for 26 gold pieces
  3710 | D:5      | Bought a scroll of silence for 97 gold pieces
  3710 | D:5      | Bought a scroll of magic mapping for 45 gold pieces
  3710 | D:5      | Bought a scroll of identify for 26 gold pieces
  3772 | D:5      | Gained mutation: You are weak. (Str -2) [mutagenic meat]
  3773 | D:5      | Gained mutation: Your system is resistant to poisons. (rPois) [mutagenic meat]
  3774 | D:5      | Gained mutation: You have sharp toenails. [mutagenic meat]
  3775 | D:5      | Lost mutation: You are weak. (Str -2) [mutagenic meat]
  4336 | D:5      | Noticed Minstaer's ghost (novice GrEE)
  4345 | D:5      | Killed Minstaer's ghost
  4345 | D:5      | Reached skill level 11 in Unarmed Combat
  4577 | D:6      | Reached XP level 9. HP: 59/84 MP: 8/8
  4688 | D:6      | Got a polished long sword
  4862 | D:6      | Reached ***** piety under Trog
  4986 | D:6      | Found a bloodstained altar of Trog.
  5069 | D:6      | Got a smoking spear
  5071 | D:6      | Identified the +4 spear "Killer Klown's Peril" {venom, rPois Int+3} (You found it on level 6 of the Dungeon)
  5072 | D:6      | Identified the +8 long sword of Piomy {freeze, rF++ rN++} (You found it on level 6 of the Dungeon)
  5295 | D:7      | Reached skill level 12 in Unarmed Combat
  5403 | D:7      | Reached skill level 1 in Long Blades
  5464 | D:7      | Got a dull robe
  5475 | D:7      | Identified the +1 robe "Jedeeff" {*Drain rN+ Dex+5} (You found it on level 7 of the Dungeon)
  6871 | D:8      | Reached skill level 5 in Fighting
  7045 | D:8      | Found a hazy altar of Hepliaklqana.
  7125 | D:8      | Found a deep blue altar of Sif Muna.
  7394 | D:9      | Reached XP level 10. HP: 96/96 MP: 9/9
  7437 | D:9      | Reached skill level 5 in Long Blades
  7564 | D:9      | Found a staircase to the Orcish Mines.
  8050 | Orc:1    | Entered Level 1 of the Orcish Mines
  8306 | Orc:2    | Entered Level 2 of the Orcish Mines
  8318 | Orc:2    | Found Urih's Distillery.
  8321 | Orc:2    | Found a staircase to the Elven Halls.
  8342 | Orc:2    | Bought a potion of heal wounds for 65 gold pieces
  8342 | Orc:2    | Bought a potion of heal wounds for 65 gold pieces
  8342 | Orc:2    | Bought a potion of degeneration for 13 gold pieces
  8342 | Orc:2    | Bought 2 potions of mutation for 208 gold pieces
  8342 | Orc:2    | Bought a potion of heal wounds for 65 gold pieces
  8343 | Orc:2    | Lost mutation: You have sharp toenails. [potion of mutation]
  8343 | Orc:2    | Gained mutation: You are partially covered in large bone plates. (SH +4) [potion of mutation]
  8343 | Orc:2    | Gained mutation: You have supernaturally acute eyesight. (SInv) [potion of mutation]
  8448 | Orc:2    | Found Jiol's Assorted Antiques.
  8485 | Orc:2    | Found Icoasheu's Magic Scroll Shop.
  8565 | Orc:2    | Noticed an orc knight
  8595 | Orc:2    | HP: 2/98 [orc warrior/battleaxe (22)]
  8597 | Orc:2    | Slain by an orc warrior

Skill      XL: |  1  2  3  4  5  6  7  8  9 10 |
---------------+-------------------------------+-----
Unarmed Combat | 4 5 7 8 9 11 12 | 12.0
Fighting       | 3 4 5 |  5.7
Long Blades    | 4 7 |  7.3
Dodging        | |  2.4

Action                   |  1- 3 |  4- 6 |  7- 9 | 10-12 || total
-------------------------+-------+-------+-------+-------++-------
Melee: Unarmed           |   115 |   115 |   237 |       ||   467
       Punch             |     1 |     4 |    12 |     6 ||    23
       Kick              |       |       |    52 |    32 ||    84
       Long sword        |       |       |    68 |    96 ||   164
Throw: Large rock        |     1 |       |     5 |       ||     6
Invok: Berserk           |       |     3 |     7 |     2 ||    12
       Trog's Hand       |       |     2 |     5 |     1 ||     8
       Burn Spellbooks   |       |       |     1 |       ||     1
       Brothers in Arms  |       |       |       |     2 ||     2
  Use: Potion            |       |     1 |     4 |     7 ||    12
       Scroll            |       |     1 |    15 |     2 ||    18
 Stab: Sleeping          |       |       |     2 |       ||     2
  Eat: Chunk             |    11 |    11 |    53 |    13 ||    88
       Bread ration      |     1 |       |       |       ||     1
       Fruit             |       |       |     5 |       ||     5
       Meat ration       |       |       |     1 |       ||     1
Armor: Animal skin       |    34 |    11 |       |       ||    45
       Robe              |       |    30 |   132 |    26 ||   188
Dodge: Dodged            |    55 |    67 |   209 |    59 ||   390
       Deflected         |       |       |       |    13 ||    13
Block: Other             |       |       |       |    13 ||    13
       Rpst.: Long sword |       |       |    14 |    24 ||    38
